 Dungeon Crawl Stone Soup version 0.24.0-10-g970556be89 (webtiles) character file.

Game seed: 11135558482833730230, levelgen mode: deterministic

207336 Johnny the Fencer (level 18, -2/185 HPs)
             Began as a Troll Berserker on Nov 4, 2019.
             Was a High Priest of Trog.
             Slain by Polyphemus (7 damage)
             ... while petrified by you
             ... on level 3 of the Shoals.
             The game lasted 00:40:35 (25184 turns).

Johnny the Fencer (Troll Berserker)                Turns: 25184, Time: 00:40:36

Health: -2/185     AC: 17    Str: 42    XL:     18   Next: 9%
Magic:  5/5        EV:  1    Int:  3    God:    Trog [*****.]
Gold:   1975       SH:  0    Dex:  9    Spells: 17/17 levels left

rFire    . . .     SeeInvis .   H - +9 demon blade (antimagic)
rCold    + . .     Gourm    +   v - +6 large shield "Bankag Utuo" {Str+6}
rNeg     + + +     Faith    .   L - +0 swamp dragon scales
rPois    ∞         Spirit   .   T - +1 hat of Eliagrutt {Slay+2}
rElec    +         Reflect  .   C - +1 cloak of Starlight {rElec rC+ EV+4 Stlth--}
rCorr    .         Harm     .   (gloves unavailable)
MR       +....                  (boots unavailable)
Stlth    ..........             (no amulet)
HPRegen  0.80/turn              V - +3 ring of evasion
MPRegen  0.09/turn              W - +3 ring of protection

@: petrified
A: large, unfitting armour, claws 3, fast metabolism 3, gourmand, regeneration
1, shaggy fur 1, tough skin 3
}: 1/15 runes: serpentine
a: Berserk, Trog's Hand, Brothers in Arms, Renounce Religion


You were on level 3 of the Shoals.
You worshipped Trog.
Trog was extremely pleased with you.
You were full.

You visited 5 branches of the dungeon, and saw 30 of its levels.
You also visited: Gauntlet and Volcano.

You collected 3235 gold pieces.
You spent 1260 gold pieces at shops.

Inventory:

Hand Weapons
 H - a +9 antimagic demon blade (weapon)
Missiles
 R - 16 large rocks (quivered)
Armour
 g - +0 fire dragon scales
 j - a +0 troll leather armour
 v - the +6 large shield "Bankag Utuo" (worn) {Str+6}
   (You found it on level 2 of the Snake Pit)

   It affects your strength (+6).
 C - the +1 cloak of Starlight (worn) {rElec rC+ EV+4 Stlth--}
   (You found it on level 10 of the Dungeon)

   It affects your evasion (+4).
   It protects you from cold.
   It insulates you from electricity.
   It makes you much less stealthy.
 L - +0 swamp dragon scales (worn)
 T - the +1 hat of Eliagrutt (worn) {Slay+2}
   (You found it in a Gauntlet)

   It affects your accuracy and damage with ranged weapons and melee attacks
   (+2).
Jewellery
 a - an uncursed amulet of rage
 h - the ring "Jeepiz" {rN+ Int+2}
   (You found it in a Gauntlet)

   [ring of positive energy]

   It affects your intelligence (+2).
   It protects you from negative energy.
 o - a +5 ring of intelligence
 r - an uncursed amulet of faith {unknown}
 x - an uncursed ring of see invisible
 F - an uncursed ring of protection from magic
 V - a +3 ring of evasion (left claw)
 W - a +3 ring of protection (right claw)
Wands
 A - a wand of iceblast (16)
 G - a wand of paralysis (6)
 O - a wand of scattershot (2)
 Q - a wand of digging (2)
 Z - a wand of disintegration (13)
Scrolls
 e - 4 scrolls of vulnerability
 f - 16 scrolls of magic mapping
 i - 19 scrolls of remove curse
 l - 2 scrolls of enchant armour
 m - 6 scrolls of teleportation
 u - 2 scrolls of immolation
 w - a scroll of identify
 y - 4 scrolls of noise
 B - 7 scrolls of blinking
 D - 2 scrolls of fog
 J - 3 scrolls of brand weapon
 K - 2 scrolls of holy word
 U - a scroll of fear
Potions
 b - 6 potions of haste
 d - 12 potions of heal wounds
 k - a potion of invisibility
 n - 4 potions of might
 p - 3 potions of ambrosia
 q - 7 potions of mutation
 s - 6 potions of resistance
 t - 7 potions of flight
 z - 3 potions of lignification
 E - 19 potions of curing
 N - 10 potions of agility
 S - 2 potions of brilliance
 Y - a potion of berserk rage
Miscellaneous
 I - a lamp of fire
 M - a lightning rod (4/4)
 P - a phantom mirror
 X - a phial of floods
Comestibles
 c - 50 rations


   Skills:
 - Level 13.3 Fighting
 - Level 16.2 Long Blades
 - Level 13.3 Dodging
 + Level 13.2 Shields


You had 17 spell levels left.
You didn't know any spells.
Your spell library contained the following spells:

 Spells                   Type           Power        Failure   Level  Hunger
 Animate Skeleton         Necr           N/A          75%         1    ##.....
 Apportation              Tloc           #.....       75%         1    ##.....
 Confusing Touch          Hex            #.....       75%         1    ##.....
 Freeze                   Ice            #...         75%         1    ##.....
 Sandblast                Erth           #.....       75%         1    ##.....
 Sting                    Conj/Pois      #...         75%         1    ##.....
 Summon Small Mammal      Summ           #...         75%         1    ##.....
 Corpse Rot               Necr           N/A          87%         2    ###....
 Passwall                 Tmut/Erth      #.......     87%         2    ###....
 Poisonous Vapours        Pois/Air       #.....       87%         2    ###....
 Throw Frost              Conj/Ice       #.....       87%         2    ###....
 Confuse                  Hex            #.......     98%         3    ####...
 Gell's Gravitas          Tloc           #.........   98%         3    ####...
 Mephitic Cloud           Conj/Pois/Air  #.......     98%         3    ####...
 Ozocubu's Armour         Chrm/Ice       #.......     98%         3    ####...
 Recall                   Summ/Tloc      N/A          98%         3    ####...
 Stone Arrow              Conj/Erth      #.....       98%         3    ####...
 Animate Dead             Necr           N/A          100%        4    #####..
 Leda's Liquefaction      Hex/Erth       #.........   100%        4    #####..
 Olgreb's Toxic Radiance  Pois           #.......     100%        4    #####..
 Petrify                  Tmut/Erth      #.......     100%        4    #####..
 Summon Ice Beast         Ice/Summ       #.......     100%        4    #####..
 Throw Icicle             Conj/Ice       #.......     100%        4    #####..
 Borgnjor's Vile Clutch   Necr/Erth      #.........   100%        5    ######.
 Lee's Rapid Deconstruct  Erth           #.........   100%        5    ######.
 Metabolic Englaciation   Hex/Ice        #.........   100%        5    ######.
 Summon Forest            Summ/Tloc      #.........   100%        5    ######.
 Venom Bolt               Conj/Pois      #.........   100%        5    ######.
 Yara's Violent Unravell  Hex/Tmut       #.........   100%        5    ######.
 Death Channel            Necr           #.........   100%        6    #######
 Hydra Form               Tmut           #.........   100%        6    #######
 Simulacrum               Ice/Necr       #.........   100%        6    #######
 Summon Hydra             Summ           #.........   100%        7    #######


Dungeon Overview and Level Annotations

Branches:
Dungeon (15/15)            Temple (0/1) D:6            Lair (6/6) D:10
 Shoals (3/4) Lair:2        Snake (4/4) Lair:3        Slime (0/5) Lair:6
    Orc (2/2) D:12            Elf (0/3) Orc:2        Vaults (0/5) D:13
 Depths (0/5) D:15        Volcano (visited)         Gauntlet (visited)

Altars:
Ashenzari
Cheibriados
Dithmenos
Elyvilon
Fedhas
Hepliaklqana
Kikubaaqudgha
Okawaru
Qazlal
Ru
Sif Muna
Uskayaw
Vehumet
Wu Jian

Shops:
D:5 }%?:   D:7 *[   D:9 (   D:15 !   Orc:2 }*!%

Annotations:
D:6 exclusion: oklob plant
D:8 Harold
Shoals:3 Polyphemus


Innate Abilities, Weirdness & Mutations

You are too large for most types of armour.
You have claws for hands.
Your metabolism is lightning-fast.
You like to eat raw meat.
Your natural rate of healing is unusually fast.
You are covered in fur. (AC +1)
You have extremely tough skin. (AC +3)


Message History

The manticore is no longer petrified.
Polyphemus hits you!
* * * LOW HITPOINT WARNING * * *
Polyphemus hits you!!
* * * LOW HITPOINT WARNING * * *
The manticore bites you!
* * * LOW HITPOINT WARNING * * *
The manticore claws you.
* * * LOW HITPOINT WARNING * * *
The manticore claws you.
Polyphemus hits you but does no damage. x2; Polyphemus hits you!
* * * LOW HITPOINT WARNING * * *
Polyphemus hits you!!
* * * LOW HITPOINT WARNING * * *
The manticore bites you.
* * * LOW HITPOINT WARNING * * *
The manticore claws you.
* * * LOW HITPOINT WARNING * * *
The manticore claws you but does no damage.
Polyphemus barely misses you. Polyphemus hits you!
You die...

......≈≈≈≈≈ ≈≈≈≈
≈..>≈≈≈≈≈≈ ≈≈≈≈
≈≈..≈≈≈≈≈≈ ≈≈≈..
#≈≈≈≈≈≈≈≈≈ ≈≈<..#
#.≈≈≈≈≈≈≈≈
≈≈≈≈[.##.≈≈≈≈≈≈≈≈
≈≈≈≈≈...Y.≈≈≈≈≈≈≈
≈≈≈≈≈≈.†C@≈≈≈≈≈≈≈
≈≈≈≈≈≈≈(HY≈≈≈≈≈≈≈
≈..≈≈≈≈≈m≈≈≈≈≈≈≈≈
≈≈≈≈≈≈≈≈≈≈≈≈≈≈≈≈≈
≈≈≈≈≈≈≈.≈≈≈≈≈≈≈≈≈
≈≈≈≈≈≈≈..≈≈≈≈≈≈≈≈
≈≈≈≈≈.###≈≈≈≈≈...
≈≈≈≈≈≈ #≈≈≈≈...#
≈≈≈≈≈≈ .≈≈≈..#


You could see Polyphemus (berserk), 2 death yaks, a merfolk (petrified) and a
manticore.

Vanquished Creatures
  Rupert (Snake:1)
  Roxanne (Snake:2)
  5 nagarajas (Snake:4)
  A stone giant (Volcano)
  A minotaur (Gauntlet)
  An ettin (Orc:2)
  The ghost of Siddir the Blocker, a journeyman MiBe of Trog (Snake:4)
  Fannar (Orc:1)
  5 ogre magi
  Erolcha (D:9)
  A rakshasa (D:15)
  19 naga warriors
  16 anacondas
  A merfolk aquamancer (Shoals:2)
  2 hydras (Lair:4)
  2 centaur warriors
  A catoblepas (D:14)
  A death knight (D:13)
  2 merfolk avatars (Shoals:1)
  Erica (D:8)
  19 two-headed ogres
  8 death yaks
  2 tengu warriors
  13 shock serpents
  9 naga sharpshooters
  A death drake (Gauntlet)
  A wizard (D:15)
  2 deep trolls (Orc:2)
  11 sea snakes
  2 unseen horrors
  A lindwurm (Lair:6)
  10 naga ritualists
  A deep elf archer (D:13)
  6 harpies
  A wolf spider zombie (D:13)
  A mana viper (shapeshifter) (D:15)
  2 orc sorcerers (D:15)
  4 ugly things
  7 mana vipers
  An orc knight (D:13)
  A wolf spider (Lair:6)
  10 fauns
  2 deep elf magi
  9 salamanders
  5 cyclopes
  8 manticores
  Maurice (D:11)
  4 elephants (Lair:3)
  7 guardian serpents
  41 black mambas
  A molten gargoyle (Volcano)
  An apocalypse crab (Gauntlet)
  19 naga magi
  9 merfolk sirens
  A torpor snail (Lair:6)
  2 water nymphs (Shoals:1)
  14 spiny frogs
  Psyche (D:8)
  2 gargoyles
  4 komodo dragons
  2 kobold demonologists
  4 yaktaurs (D:15)
  3 rime drakes
  An efreet (Volcano)
  A tengu conjurer (D:14)
  11 trolls
  A freezing wraith (D:13)
  A polar bear (Lair:6)
  6 merfolk
  3 wind drakes
  Prince Ribbit (Lair:2)
  4 snapping turtles
  2 hornets (Lair:6)
  8 dream sheep
  11 hippogriffs
  11 blink frogs
  A meliai zombie (D:15)
  9 slime creatures
  18 yaks
  4 water elementals
  3 redbacks (Lair:6)
  5 fire bats (Volcano)
  Eustachio (D:6)
  A basilisk (Lair:2)
  3 wraiths (D:13)
  2 fire elementals (Volcano)
  A hungry ghost (D:11)
  16 wyverns
  12 vampire mosquitoes
  2 wargs
  Edmund (D:4)
  49 nagas
  30 water moccasins
  Duvessa (D:4)
  7 porcupines
  2 ice beasts (D:10)
  12 orc warriors
  3 phantoms
  3 black bears
  A necrophage (D:11)
  A sky beast (D:8)
  11 wolves
  16 centaurs
  34 ogres
  A boggart (D:13)
  9 crocodiles
  6 big kobolds
  17 bullfrogs
  2 earth elementals (Volcano)
  2 wyvern zombies
  A water moccasin zombie (D:9)
  2 scorpions
  A water moccasin skeleton (D:8)
  A wyvern skeleton (D:15)
  4 killer bees (D:10)
  5 wights (D:9)
  4 howler monkeys
  4 electric eels
  2 crimson imps
  5 lava snakes (Volcano)
  7 jellies
  A quasit (D:8)
  3 centaur zombies
  14 orc priests
  8 hounds
  2 gnoll shamans
  Crazy Yiuf (D:5)
  2 bullfrog skeletons
  5 centaur skeletons
  21 orc wizards
  5 iguanas
  5 worker ants
  Ijyb (D:4)
  2 hound skeletons
  A worker ant zombie (D:10)
  12 adders
  8 gnolls
  2 river rats (D:11)
  4 shadow imps
  A dart slug (D:1)
  4 worms
  A leopard gecko (D:4)
  47 orcs
  2 bats (D:1)
  5 giant cockroaches
  8 goblins
  8 hobgoblins
  6 jackals
  7 quokkas
  3 ball pythons
  2 frilled lizards
  A jackal skeleton (D:7)
  25 kobolds
  A leopard gecko skeleton (D:4)
  4 quokka skeletons
  2 rats
  A fungus (Lair:4)
  3 plants (Shoals:1)
928 creatures vanquished.

Vanquished Creatures (collateral kills)
  A nagaraja (Snake:4)
  5 naga warriors
  3 anacondas (Snake:4)
  A catoblepas (Shoals:3)
  A tengu warrior (D:15)
  2 two-headed ogres (D:15)
  A shock serpent (Snake:4)
  3 naga sharpshooters
  A sea snake (Snake:4)
  A naga ritualist (Snake:4)
  A salamander (Snake:2)
  A black mamba (Snake:2)
  2 spectral centaurs (Gauntlet)
  A naga mage (Snake:4)
  A centaur zombie (Gauntlet)
  2 guardian serpents
  A centaur skeleton (D:15)
  A redback zombie (D:15)
  A spectral redback (Gauntlet)
  A hornet (D:10)
  Grum (D:10)
  A warg (Orc:2)
  4 nagas
  An orc warrior (Orc:2)
  An ogre (Orc:2)
  A wolf (D:10)
  A bullfrog (D:15)
  2 killer bees (D:10)
  An orc wizard (Orc:2)
  An orc priest (Orc:2)
  3 orcs (Orc:2)
48 creatures vanquished.

Vanquished Creatures (others)
  A centaur skeleton (D:15)
  A fire elemental (Volcano)
  6 demonic plants (Gauntlet)
  6 fungi
  6 plants
20 creatures vanquished.

Grand Total: 996 creatures vanquished

Notes
Turn   | Place    | Note
-------+----------+-------------------------------------------
     0 | D:1      | Johnny the Troll Berserker began the quest for the Orb.
     0 | D:1      | Reached XP level 1. HP: 22/22 MP: 0/0
   103 | D:1      | Reached XP level 2. HP: 21/29 MP: 1/1
  1260 | D:2      | Reached XP level 3. HP: 33/36 MP: 2/2
  1529 | D:2      | Reached ** piety under Trog
  1560 | D:2      | Reached skill level 3 in Long Blades
  1905 | D:3      | Reached XP level 4. HP: 36/45 MP: 3/3
  1906 | D:3      | Found a hide-covered altar of Uskayaw.
  1909 | D:3      | Noticed a +0 dagger
  1910 | D:3      | Noticed a +0 hand axe
  2183 | D:3      | Found a radiant altar of Vehumet.
  2476 | D:4      | Got a slimy dagger
  2477 | D:4      | Identified the +5 dagger of No Interval {speed, MR++ Int+2}
                  | (You found it on level 4 of the Dungeon)
  2509 | D:4      | Noticed Ijyb
  2524 | D:4      | Killed Ijyb
  2524 | D:4      | Reached XP level 5. HP: 53/53 MP: 4/4
  2566 | D:4      | Noticed Dowan
  2567 | D:4      | Noticed Duvessa
  2575 | D:4      | Noticed Dowan
  2575 | D:4      | Dowan changed into Dowan the bullfrog
  2587 | D:4      | Killed Duvessa
  2587 | D:4      | Reached XP level 6. HP: 62/62 MP: 5/5
  2589 | D:4      | Killed Dowan the bullfrog
  2640 | D:4      | Reached skill level 4 in Long Blades
  2749 | D:4      | Noticed Edmund
  2788 | D:4      | Killed Edmund
  2788 | D:4      | Reached XP level 7. HP: 68/71 MP: 6/6
  2919 | D:4      | Reached *** piety under Trog
  3105 | D:5      | Entered Level 5 of the Dungeon
  3145 | D:5      | Found Kowousom's Magic Scroll Shop.
  3186 | D:5      | Found Lorunux's Book Shoppe.
  3196 | D:5      | Reached skill level 5 in Fighting
  3196 | D:5      | Reached skill level 5 in Long Blades
  3196 | D:5      | Reached skill level 5 in Dodging
  3206 | D:5      | Bought a scroll of identify for 30 gold pieces
  3206 | D:5      | Bought a scroll of identify for 30 gold pieces
  3206 | D:5      | Bought a scroll of blinking for 112 gold pieces
  3206 | D:5      | Bought a scroll of teleportation for 45 gold pieces
  3216 | D:5      | Found a shimmering blue altar of Sif Muna.
  3244 | D:5      | Found a shattered altar of Ashenzari.
  3255 | D:5      | Reached XP level 8. HP: 80/80 MP: 7/7
  3319 | D:5      | Found Ciso's Food Emporium.
  3319 | D:5      | Found Pogekuta's Gadget Shoppe.
  3447 | D:5      | Found a runed translucent door.
  3448 | D:5      | Noticed Crazy Yiuf
  3457 | D:5      | Killed Crazy Yiuf
  3669 | D:6      | Noticed Eustachio
  3670 | D:6      | Found a staircase to the Ecumenical Temple.
  3682 | D:6      | Found a hazy altar of Hepliaklqana.
  3699 | D:6      | Killed Eustachio
  3778 | D:6      | Noticed an oklob plant
  3787 | D:6      | Found a white marble altar of Elyvilon.
  3981 | D:6      | Found a blossoming altar of Fedhas.
  3987 | D:6      | Found a stormy altar of Qazlal.
  4026 | D:6      | Found an iron altar of Okawaru.
  4027 | D:6      | Found a sacrificial altar of Ru.
  4027 | D:6      | Found a snail-covered altar of Cheibriados.
  4031 | D:6      | Found an ancient bone altar of Kikubaaqudgha.
  4268 | D:7      | Found an ornate altar of the Wu Jian Council.
  4540 | D:7      | Reached **** piety under Trog
  4540 | D:7      | Reached skill level 6 in Long Blades
  4562 | D:7      | Found Cuduotwe's Serpentskin Sales.
  4725 | D:7      | Reached XP level 9. HP: 76/89 MP: 8/8
  4787 | D:7      | Found Giemn's Antique Armour Boutique.
  4922 | D:8      | Noticed Psyche
  4940 | D:8      | Killed Psyche
  5099 | D:8      | Found a white marble altar of Elyvilon.
  5155 | D:8      | Noticed Erica
  5168 | D:8      | Killed Erica
  5203 | D:8      | Found a shadowy altar of Dithmenos.
  5225 | D:8      | Noticed Harold
  5328 | D:8      | Reached XP level 10. HP: 99/104 MP: 9/9
  5758 | D:9      | Reached ***** piety under Trog
  5818 | D:9      | Noticed Erolcha
  5832 | D:9      | Killed Erolcha
  5832 | D:9      | Reached skill level 7 in Long Blades
  5880 | D:9      | Found Tagoreod's Antique Weapon Boutique.
  6361 | D:10     | Entered Level 10 of the Dungeon
  6504 | D:10     | Noticed Grum
  6544 | D:10     | Killed Grum
  6665 | D:10     | Reached skill level 8 in Long Blades
  6676 | D:10     | Found the +1 cloak of Starlight {rElec rC+ EV+4 Stlth--}
  6813 | D:10     | Noticed a two-headed ogre
  6829 | D:10     | Killed a two-headed ogre
  6839 | D:10     | Paralysed by a hornet for 3 turns
  7016 | D:10     | Found a staircase to the Lair.
  7124 | D:10     | Received a gift from Trog
  7234 | D:10     | Reached XP level 11. HP: 105/113 MP: 3/10
  7591 | D:11     | Reached skill level 9 in Long Blades
  7605 | D:11     | Noticed a white ugly thing
  7629 | D:11     | Killed a white ugly thing
  7815 | D:11     | Noticed Maurice
  7823 | D:11     | Killed Maurice
  7841 | D:11     | Noticed a two-headed ogre
  7849 | D:11     | Killed a two-headed ogre
  8340 | D:12     | Noticed an unseen horror
  8345 | D:12     | Killed an unseen horror
  8486 | D:12     | Found a staircase to the Orcish Mines.
  8495 | D:12     | Reached skill level 10 in Long Blades
  8566 | D:12     | Received a gift from Trog
  8999 | D:13     | Noticed an orc knight
  9027 | D:13     | Reached XP level 12. HP: 125/126 MP: 3/11
  9130 | D:13     | Noticed a two-headed ogre
  9130 | D:13     | Noticed an ogre mage
  9136 | D:13     | Killed a two-headed ogre
  9141 | D:13     | Killed an ogre mage
  9157 | D:13     | Reached skill level 10 in Fighting
  9167 | D:13     | Reached skill level 10 in Dodging
  9398 | D:13     | Reached skill level 11 in Long Blades
  9582 | D:13     | Noticed a death knight
  9607 | D:13     | Killed a death knight
  9849 | D:13     | Found a gate to the Vaults.
 10109 | D:14     | Noticed a tengu warrior
 10122 | D:14     | Killed a tengu warrior
 10205 | D:14     | Noticed a two-headed ogre
 10216 | D:14     | Killed a two-headed ogre
 10224 | D:14     | Noticed a centaur warrior
 10234 | D:14     | Killed a centaur warrior
 10234 | D:14     | Reached XP level 13. HP: 105/135 MP: 4/12
 10416 | D:14     | Reached skill level 12 in Long Blades
 10607 | D:15     | Entered Level 15 of the Dungeon
 10677 | D:15     | Found Numnam's Distillery.
 10756 | D:15     | Received a gift from Trog
 10796 | D:15     | Found a gate leading to a gauntlet.
 10805 | Gauntlet | Entered a Gauntlet
 10805 | Gauntlet | Found a transporter.
 10805 | Gauntlet | Found a transporter.
 10809 | Gauntlet | Found a transporter.
 10815 | Gauntlet | Found a transporter.
 10827 | Gauntlet | Found a transporter.
 10892 | Gauntlet | Found a transporter.
 10906 | Gauntlet | Found a transporter.
 10917 | Gauntlet | Found a transporter.
 10927 | Gauntlet | Found a transporter.
 10942 | Gauntlet | Found a transporter.
 10948 | Gauntlet | Found a transporter.
 10969 | Gauntlet | Found a transporter.
 11034 | Gauntlet | Got a brightly glowing marble ring
 11043 | Gauntlet | Identified the ring "Jeepiz" {rN+ Int+2} (You found it in a
                  | Gauntlet)
 11116 | Gauntlet | Got a dazzling hat
 11304 | Gauntlet | Identified the +1 hat of Eliagrutt {Slay+2} (You found it
                  | in a Gauntlet)
 11316 | Gauntlet | Noticed a minotaur
 11328 | Gauntlet | Killed a minotaur
 11328 | Gauntlet | Reached skill level 13 in Long Blades
 11341 | Gauntlet | Found the +3 robe of Clouds {+Thunder rCloud rElec}
 11342 | Gauntlet | Got a fine scimitar
 11343 | Gauntlet | Identified the +7 scimitar "Voobb" {slice, rF+ Str+2 Int+3}
                  | (You found it in a Gauntlet)
 11917 | D:15     | Bought a potion of heal wounds for 70 gold pieces
 11917 | D:15     | Bought a potion of heal wounds for 70 gold pieces
 11917 | D:15     | Bought 2 potions of curing for 84 gold pieces
 11917 | D:15     | Bought a potion of heal wounds for 70 gold pieces
 11917 | D:15     | Bought a potion of invisibility for 112 gold pieces
 11917 | D:15     | Bought a potion of curing for 42 gold pieces
 11917 | D:15     | Bought a potion of curing for 42 gold pieces
 11917 | D:15     | Bought 2 potions of agility for 112 gold pieces
 11917 | D:15     | Bought 2 potions of curing for 84 gold pieces
 11917 | D:15     | Bought a potion of flight for 42 gold pieces
 12023 | D:15     | Reached XP level 14. HP: 146/146 MP: 13/13
 12090 | D:15     | Paralysed by an orc sorcerer for 7 turns
 12101 | D:15     | Found a staircase to the Depths.
 12266 | Orc:1    | Entered Level 1 of the Orcish Mines
 12371 | Orc:2    | Entered Level 2 of the Orcish Mines
 12480 | Orc:2    | Found a staircase to the Elven Halls.
 12536 | Orc:2    | Received a gift from Trog
 12807 | Orc:2    | Reached skill level 14 in Long Blades
 13168 | Orc:2    | Found Aplorof's Food Emporium.
 13174 | Orc:2    | Found Faupain's Assorted Antiques.
 13175 | Orc:2    | Found Ostrizae's Gadget Boutique.
 13186 | Orc:2    | Found Iddimuawung's Distillery.
 13194 | Orc:2    | Bought a potion of heal wounds for 75 gold pieces
 13194 | Orc:2    | Bought a potion of curing for 45 gold pieces
 13194 | Orc:2    | Bought a potion of curing for 45 gold pieces
 13194 | Orc:2    | Bought a potion of haste for 150 gold pieces
 13292 | Orc:1    | Noticed Fannar
 13388 | Orc:1    | Killed Fannar
 13840 | Lair:1   | Entered Level 1 of the Lair of Beasts
 14122 | Lair:1   | You fall into a shaft and drop 1 floor!
 14210 | Lair:2   | Noticed Prince Ribbit
 14218 | Lair:2   | Killed Prince Ribbit
 14233 | Lair:2   | Reached ****** piety under Trog
 14382 | Lair:2   | Found a staircase to the Shoals.
 14956 | Lair:3   | Found a staircase to the Snake Pit.
 15541 | Lair:4   | Reached XP level 15. HP: 158/158 MP: 14/14
 15613 | Lair:4   | Found a dark tunnel.
 15621 | Volcano  | Entered a volcano
 15698 | Volcano  | Found a bloodstained altar of Trog.
 15935 | Lair:4   | Received a gift from Trog
 17399 | Lair:6   | Entered Level 6 of the Lair of Beasts
 17479 | Lair:6   | Reached skill level 15 in Long Blades
 18176 | Lair:6   | Received a gift from Trog
 18545 | Lair:6   | Paralysed by a hornet for 3 turns
 18786 | Lair:6   | Found a staircase to the Slime Pits.
 18789 | Lair:6   | Identified a scroll of acquirement
 18884 | Snake:1  | Entered Level 1 of the Snake Pit
 19565 | Snake:1  | Noticed Rupert
 19587 | Snake:1  | Killed Rupert
 19947 | Snake:2  | Reached XP level 16. HP: 148/169 MP: 5/15
 20243 | Snake:2  | Noticed Roxanne
 20250 | Snake:2  | Reached skill level 16 in Long Blades
 20263 | Snake:2  | Killed Roxanne
 20546 | Snake:2  | Received a gift from Trog
 20732 | Snake:2  | Got a heavily runed large shield
 20738 | Snake:2  | Identified the +6 large shield "Bankag Utuo" {Str+6} (You
                  | found it on level 2 of the Snake Pit)
 20752 | Snake:2  | Reached skill level 1 in Shields
 21404 | Snake:3  | Reached skill level 5 in Shields
 21868 | Snake:3  | Received a gift from Trog
 22129 | Snake:4  | Entered Level 4 of the Snake Pit
 22279 | Snake:4  | Reached XP level 17. HP: 126/178 MP: 5/16
 22355 | Snake:4  | Found a large runed translucent door.
 22355 | Snake:4  | Found a large runed translucent door.
 22355 | Snake:4  | Noticed Siddir's ghost (journeyman MiBe)
 22575 | Snake:4  | Killed Siddir's ghost
 22831 | Snake:4  | Reached skill level 10 in Shields
 22893 | Snake:4  | Received a gift from Trog
 23364 | Snake:4  | Received a gift from Trog
 23375 | Snake:4  | Got a serpentine rune of Zot
 23662 | Shoals:1 | Entered Level 1 of the Shoals
 24575 | Shoals:2 | Received a gift from Trog
 24763 | Shoals:2 | Reached XP level 18. HP: 185/185 MP: 5/17
 25159 | Shoals:3 | Noticed Polyphemus
 25183 | Shoals:3 | HP: 7/185 [Polyphemus (15)]
 25184 | Shoals:3 | Slain by Polyphemus

Levels and vault maps discovered:
D:1:      lightli_arrival_flooded_house, layout_basic, minmay_bisected
D:2:      layout_rooms, first_ration
D:3:      layout_loops_ring, vehumet_crystals, dancing_weapons_uskayaw
D:4:      layout_rooms, uniq_ijyb, uniq_duvessa, uniq_edmund
D:5:      layout_basic, basic_altar, serial_shops, nicolae_shop_waterfront,
          nicolae_shop_crystal, shop, shop_scrolls, ashenzari_altar_1,
          uniq_crazy_yiuf_cottage
D:6:      layout_cave_pools, grunt_temple_overflow_forces_of_nature,
          grunt_temple_overflow_open, overflow_temple_1_default,
          minmay_temple_entry_water_ring, lemuel_oklob_altar, uniq_eustachio
D:7:      layout_basic, overflow_temple_1_default, serial_shops,
          nicolae_shop_behind_doors, grunt_ogre_cave, guppyfry_shop_venom
D:8:      layout_loops_ring, lemuel_crystal_altar, lemuel_doored_altar,
          uniq_psyche, uniq_erica, uniq_harold
D:9:      layout_basic, serial_shops, kennysheep_mini_moat, uniq_erolcha
D:10:     layout_cave_pods, lair_entry_dummy, uniq_grum
D:11:     layout_rooms, pond, uniq_maurice
D:12:     layout_roguey, orc_0_dummy, serial_rivers,
          chequers_serial_rivers_micro_e, chequers_serial_rivers_room_b,
          chequers_serial_rivers_large_b, chequers_serial_rivers_micro_b,
          chequers_serial_rivers_micro_a, chequers_serial_rivers_micro_b
D:13:     kennysheep_six_static_rooms, layout_basic,
          hangedman_vaults_entry_quadrant_bands
D:14:     layout_cave_pools, minivault_24
D:15:     grunt_enter_depths_magical_seal, layout_small_grid, amethyst_killhole,
          serial_shops, shop, gauntlet_entry_generic
Lair:1:   layout_gridlike, beast_lair_carwin_3, grunt_megastairs_4
Lair:2:   layout_chaotic_city, minmay_shoals_entry_centaurs,
          serial_bayou_shore_a, uniq_prince_ribbit2
Lair:3:   layout_gridlike, minmay_snake_entry_six_corridors
Lair:4:   layout_roguey, enter_volcano_1, grunt_megastairs_5,
          serial_bayou_shore_b
Lair:5:   layout_cave_pods
Lair:6:   hangedman_lair_tendril_chambers, layout_regular_city,
          dpeg_slime_entry_corner, lookout_lair_type,
          chequers_serial_rivers_room_b, nicolae_quartered_pool_little
Shoals:1: layout_shoals
Shoals:2: layout_shoals
Shoals:3: layout_shoals, uniq_polyphemus
Snake:1:  layout_onion, serial_bayou_shore_b, uniq_rupert
Snake:2:  layout_basic, uniq_roxanne
Snake:3:  layout_concentric_octagons
Snake:4:  grunt_snake_rune_pools, layout_cave_town, ebering_ghost_disaster_area,
          st_stairs_1
Orc:1:    layout_caves, uniq_fannar
Orc:2:    st_orc_open, layout_caves

Skill      XL: |  1  2  3  4  5  6  7  8  9 10 11 12 13 14 15 16 17 18 |
---------------+-------------------------------------------------------+-----
Long Blades    | 3 4 5 6 8 10 11 13 14 15 16 | 16.2
Dodging        | 3 4 5 6 7 8 9 10 11 12 13 | 13.3
Fighting       | 3 4 5 6 7 8 9 10 11 12 13 | 13.3
Shields        | 8 12 13 | 13.2

Action                   |  1- 3 |  4- 6 |  7- 9 | 10-12 | 13-15 | 16-18 || total
-------------------------+-------+-------+-------+-------+-------+-------++-------
Melee: Falchion          |    63 |       |       |       |       |       ||    63
       Short sword       |    80 |    26 |       |       |       |       ||   106
       Dagger            |       |    84 |   385 |       |       |       ||   469
       Scimitar          |       |       |    15 |   102 |   752 |       ||   869
       Long sword        |       |       |       |   132 |       |       ||   132
       Demon blade       |       |       |       |   507 |   276 |  1064 ||  1847
Throw: Large rock        |       |       |       |       |     4 |       ||     4
Invok: Berserk           |       |     3 |     9 |     9 |    17 |     7 ||    45
       Trog's Hand       |       |       |     1 |     1 |       |     3 ||     5
       Brothers in Arms  |       |       |       |     2 |     5 |     7 ||    14
Evoke: Wand              |       |     3 |    20 |     2 |     2 |    16 ||    43
       Lamp of fire      |       |       |       |       |     1 |     1 ||     2
       Lightning rod     |       |       |       |       |       |     4 ||     4
  Use: Scroll            |     1 |       |     6 |    11 |     8 |    10 ||    36
       Potion            |       |       |       |       |     2 |     4 ||     6
 Stab: Distracted        |       |       |       |       |     2 |       ||     2
  Eat: Chunk             |    23 |    10 |    33 |    68 |    98 |    45 ||   277
       Ration            |       |       |       |       |       |     6 ||     6
Armor: Animal skin       |    17 |       |       |       |       |       ||    17
       Robe              |    18 |    28 |    21 |       |       |       ||    67
       Fire dragon scale |       |       |    97 |   232 |    31 |       ||   360
       Swamp dragon scal |       |       |       |   119 |   316 |   156 ||   591
Dodge: Dodged            |    86 |    47 |   130 |   482 |   845 |   384 ||  1974
Block: Large shield      |       |       |       |       |       |   969 ||   969
       Rpst.: Falchion   |    10 |       |       |       |       |       ||    10
       Scimitar          |       |       |     2 |    15 |   159 |       ||   176
       Long sword        |       |       |       |    27 |       |       ||    27
       Demon blade       |       |       |       |    88 |    56 |    77 ||   221
